 Dungeon Crawl Stone Soup version 0.30-a0-1104-g706747fef1 (webtiles) character file.

Game seed: 2328945885464284381

303 Rrauwl the Trooper (level 6, -2/51 HPs)
             Began as a Barachi Fighter on Apr 19, 2023.
             Killed by divine providence
             ... invoked by an orc priest
              (7 damage)
             ... on level 3 of the Dungeon.
             The game lasted 00:08:07 (2178 turns).

Rrauwl the Trooper (Barachi Fighter)                Turns: 2178, Time: 00:08:08

Health: -2/51      AC: 12    Str: 18      XL:     6   Next: 38%
Magic:  6/6        EV:  8    Int:  5 (8)  God:
Gold:   150        SH:  5    Dex: 13      Spells: 3/5 levels left

rFire   . . .      SeeInvis .    a - +0 long sword
rCold   . . .      Faith    .    c - +0 buckler
rNeg    . . .      Spirit   .    l - +1 chain mail
rPois   .          Reflect  .    (no helmet)
rElec   .          Rampage  .    (no cloak)
rCorr   .                        d - +0 pair of gloves
Will    +....                    (no boots) Stlth
                                 (no amulet)
HPRegen 0.28/turn                i - ring of willpower
MPRegen 0.10/turn                (no ring)

@: unable to hop, slow
A: amphibious, slowness 1, strong legs 1, +LOS
a: Hop


You were on level 3 of the Dungeon.
You visited 1 branch of the dungeon, and saw 3 of its levels.

You collected 150 gold pieces.

Inventory:

Hand Weapons
 a - a +0 long sword (weapon)
Armour
 c - a +0 buckler (worn)
 d - a +0 pair of gloves (worn)
 h - a +0 pair of boots
 l - a +1 chain mail (worn)
Jewellery
 b - a ring of ice
 i - a ring of willpower (left hand)
Scrolls
 e - a scroll of teleportation
 g - a scroll of enchant armour
 j - 2 scrolls of fog


   Skills:
 - Level 5.0 Fighting
 + Level 4.2 Long Blades
 - Level 5.0 Armour
 - Level 2.0 Dodging
 + Level 4.7 Shields


You had 3 spell levels left.
You knew the following spells:

 Your Spells              Type           Power      Damage    Failure   Level
a - Passwall              Tmut/Erth      0%         N/A       100%        2

Your spell library contained the following spells:

 Spells                   Type           Power      Damage    Failure   Level
 Sandblast                Erth           0%         2d4       99%         1
 Stone Arrow              Conj/Erth      0%         3d7       100%        3


Dungeon Overview and Level Annotations

Branches:
Dungeon (3/15)

Altars:


Innate Abilities, Weirdness & Mutations

You are amphibious.
You cover ground slowly.
You can hop short distances.
You have an extended range of vision and can be seen from far away.


Message History

The orc is heavily wounded.
You block the orc's attack. The orc hits you but does no damage.
You slash the orc!
You kill the orc!
You hit the orc.
The orc is almost dead.
The orc hits you but does no damage.
The orc priest calls upon Beogh to heal the orc.
The orc is healed somewhat.
The orc hits you but does no damage. The orc completely misses you.
You hit the orc but do no damage.
The orc is lightly wounded.
The orc hits you but does no damage.
You hit the orc priest but do no damage.
You block the orc's attack. x2
The orc priest mumbles some strange prayers to Beogh against you.
Beogh smites you!
You closely miss the orc priest. The orc hits you with a +0 falchion.
The orc barely misses you.
The orc priest calls down the wrath of Beogh upon you.
Beogh smites you!
* * * LOW HITPOINT WARNING * * *
You feel much better. The orc barely misses you.
The orc hits you with a +0 flail.
The orc priest hits you but does no damage.
You closely miss the orc priest. The orc completely misses you.
The orc hits you but does no damage. The orc priest barely misses you.
You completely miss the orc priest. The orc closely misses you.
The orc hits you with a +0 flail!
The orc priest mumbles some strange prayers to Beogh against you.
Beogh smites you!
* * * LOW HITPOINT WARNING * * *
The orc barely misses you. You block the orc priest's attack.
You block the orc's attack.
Hop to where?
Press: ? - help, Dir - move target Boing!
The orc priest calls down the wrath of Beogh upon you.
Beogh smites you!
You die...

#........##.##........##.#>#
#........##.##.##.##..##.#.#
######...##.##.#.....(......
##.....#.#....#..........
#........#...##..........
#...........###..........
#........#...........##..
##.....#...#####...#.# ..
##......@#.# #.......# #.
#.......##.# #......## .
##<....o.# #....### ##
####...o.o..# #....#
#....#.o...#... #..###
#.....).○.##.## #.#
####...#####.# ..
#.#..o.o..# #.###......o...


You could see an orc priest and 3 orcs.

Vanquished Creatures
  A black bear (D:3)
  An ogre (D:2)
  Jessica (D:2)
  2 adders (D:3)
  2 worms (D:2)
  A dart slug (D:3)
  3 orcs (D:3)
  6 ball pythons
  6 endoplasms
  3 giant cockroaches
  5 goblins
  4 hobgoblins
  14 jackals
  6 kobolds
  4 quokkas
  4 bats
  A frilled lizard (D:1)
  5 rats
69 creatures vanquished.

Notes
Turn   | Place    | Note
-------+----------+-------------------------------------------
     0 | D:1      | Rrauwl the Barachi Fighter began the quest for the Orb.
     0 | D:1      | Reached XP level 1. HP: 18/18 MP: 1/1
    55 | D:1      | Reached XP level 2. HP: 17/25 MP: 2/2
   420 | D:1      | Reached skill level 1 in Dodging
   452 | D:1      | Reached XP level 3. HP: 30/30 MP: 3/3
   743 | D:2      | Noticed an ogre
   750 | D:2      | Killed an ogre
   751 | D:2      | Reached XP level 4. HP: 17/38 MP: 4/4
   762 | D:2      | Reached XP level 5. HP: 21/43 MP: 5/5
   938 | D:2      | Noticed Jessica
   941 | D:2      | Killed Jessica
  1798 | D:3      | Noticed a black bear
  1865 | D:3      | Learned a level 2 spell: Passwall
  1965 | D:3      | Killed a black bear
  1966 | D:3      | Reached skill level 5 in Fighting
  1966 | D:3      | Reached skill level 5 in Armour
  1966 | D:3      | Reached XP level 6. HP: 50/51 MP: 6/6
  2178 | D:3      | Killed from afar by an orc priest

Illustrated notes

Levels and vault maps discovered:
D:1:      dpeg_arrival_more_subterranean_lakeside_camping, layout_loops_cross,
          item_on_display_a
D:2:      layout_basic, grunt_decor_clamped, uniq_jessica
D:3:      layout_rooms, minmay_liquid_box, uniq_grinder

Skill      XL: |  1  2  3  4  5 |
---------------+----------------+-----
Dodging        | 1 2 |  2.0
Armour         | 4 5 |  5.0
Fighting       | 4 5 |  5.0
Long Blades    | 3 4 |  4.2
Shields        | 4 |  4.7

Action                     |  1- 3 |  4- 6 || total
---------------------------+-------+-------++-------
  Melee: Long sword        |    83 |   140 ||   223
Ability: Hop               |       |     1 ||     1
    Use: Potion            |     3 |     5 ||     8
         Scroll            |       |     7 ||     7
 Armour: Scale mail        |    24 |       ||    24
         Chain mail        |    33 |   105 ||   138
         Skin              |       |     2 ||     2
  Dodge: Dodged            |    35 |    53 ||    88
  Block: Buckler           |    19 |    47 ||    66

Table legend: (Time is in decaauts)
 A = Elapsed time spent in this place.
 B = Non-inter-level travel time spent in this place.
 C = Inter-level travel time spent in this place.
 D = Time resting spent in this place.
 E = Time spent auto-exploring this place.
 F = Levels seen in this place.
 G = Mean time per level.
                   A        B        C        D        E       F      G
               +--------+--------+--------+--------+--------+-----+--------+
         Total |   2548 |   2519 |     29 |      0 |   1894 |   3 |  849.3 |
       Dungeon |   2548 |   2519 |     29 |      0 |   1894 |   3 |  849.3 |
               +--------+--------+--------+--------+--------+-----+--------+

Top non-repeatable levels by time:
     D:2: 1163 daAuts
     D:1: 823 daAuts
     D:3: 562 daAuts
